 Dungeon Crawl Stone Soup version 0.23.2-30-g0e89c35649 (webtiles) character file.

Game seed: 15854395648518051769

93 senseless the Skirmisher (level 4, -1/40 HPs)
             Began as a Hill Orc Fighter on June 11, 2019.
             Was an Initiate of Beogh.
             Slain by a gnoll
             ... wielding a +0 spear
              (7 damage)
             ... on level 3 of the Dungeon.
             The game lasted 00:05:04 (1383 turns).

senseless the Skirmisher (Hill Orc Fighter)         Turns: 1383, Time: 00:05:05

Health: -1/40      AC:  7    Str: 18    XL:     4   Next: 61%
Magic:  4/4        EV:  7    Int:  8    God:    Beogh [......]
Gold:   64         SH:  9    Dex: 11    Spells: 3/3 levels left

rFire    . . .     SeeInvis .   a - +1 long sword
rCold    . . .     Gourm    .   c - +0 shield
rNeg     . . .     Faith    .   b - +0 scale mail
rPois    .         Spirit   .   (no helmet)
rElec    .         Reflect  .   (no cloak)
rCorr    .         Harm     .   (no gloves)
MR       .....                  (no boots)
Stlth    ..........             (no amulet)
HPRegen  0.13/turn              (no ring)
MPRegen  0.09/turn              (no ring)

@: no status effects
A: no striking features
a: Renounce Religion


You were on level 3 of the Dungeon.
You worshipped Beogh.
Beogh was noncommittal.
You were not hungry.

You visited 1 branch of the dungeon, and saw 3 of its levels.

You collected 64 gold pieces.

Inventory:

Hand Weapons
 a - a +1 long sword (weapon)
Armour
 b - a +0 scale mail (worn)
 c - a +0 shield (worn)
Jewellery
 n - a cursed -3 ring of evasion {unknown}
Scrolls
 l - a scroll of fear {unknown}
 o - a scroll of fog
Potions
 d - 3 potions of might
 e - 2 potions of heal wounds
 h - a potion of agility {unknown}
 i - 2 potions of flight {unknown}
 j - 2 potions of lignification {unknown}
 k - 4 potions of curing {unknown}
Comestibles
 f - 4 rations


   Skills:
 + Level 3.9 Fighting
 + Level 3.4 Long Blades
 + Level 3.8 Armour
 * Level 1.2 Dodging
 + Level 3.8 Shields


You had 3 spell levels left.
You didn't know any spells.
Your spell library was empty.

Dungeon Overview and Level Annotations

Branches:
Dungeon (3/15)

Altars:
Nemelex Xobeh
Sif Muna


Message History

* * * LOW HITPOINT WARNING * * *
The gnoll hits you but does no damage.
You slash the gnoll!
You kill the gnoll!
Beogh accepts your kill. You block the gnoll's attack.
The gnoll hits you with a +0 spear.
* * * LOW HITPOINT WARNING * * *
Things that are here:
a +0 spear; a gnoll corpse You hit the gnoll.
The gnoll is moderately wounded.
The gnoll barely misses you.
You riposte.
You hit the gnoll.
The gnoll is heavily wounded.
You hit the gnoll.
The gnoll is severely wounded.
The gnoll hits you with a +0 spear.
* * * LOW HITPOINT WARNING * * *
The gnoll hits you with a +0 spear!
You die...

........(........
##...)..#(......
##......(.(.#..#
#...###.#)##.#.#
#.⌠.⌠##.#(##.#.#
#.._..#.#.##.#.# #
##⌠.⌠...#.##.#.#
#..#.#####?###.#....#.#
#....g@..........####..
#.##.#####.###...# ...
# #.# #...# .## ...
...... .
##.#####.#...## #.#
..#.# #.# ...#. #.# .#.


You could see a gnoll.

Vanquished Creatures
  2 gnolls (D:3)
  An adder (D:2)
  An ooze (D:2)
  A leopard gecko (D:2)
  4 orcs (D:3)
  A giant cockroach (D:2)
  3 goblins
  8 hobgoblins
  9 jackals
  4 bats
  5 frilled lizards
  6 kobolds
  10 rats
55 creatures vanquished.

Notes
Turn   | Place    | Note
-------+----------+-------------------------------------------
     0 | D:1      | senseless the Hill Orc Fighter began the quest for the Orb.
     0 | D:1      | Reached XP level 1. HP: 19/19 MP: 1/1
   144 | D:1      | Reached XP level 2. HP: 27/27 MP: 2/2
   427 | D:1      | Reached XP level 3. HP: 24/33 MP: 3/3
   995 | D:2      | Reached skill level 1 in Dodging
  1066 | D:2      | Found a deep blue altar of Sif Muna.
  1179 | D:2      | Reached XP level 4. HP: 34/40 MP: 4/4
  1293 | D:3      | Became a worshipper of Beogh the Brigand
  1367 | D:3      | Found a sparkling altar of Nemelex Xobeh.
  1383 | D:3      | Slain by a gnoll

Skill      XL: |  1  2  3 |
---------------+----------+-----
Dodging        | 1 |  1.2
Long Blades    | 3 |  3.4
Fighting       | |  3.9
Armour         | |  3.8
Shields        | |  3.8

Action                   |  1- 3 |  4- 6 || total
-------------------------+-------+-------++-------
Melee: Long sword        |   113 |    44 ||   157
Invok: Convert to Beogh  |       |     1 ||     1
  Use: Scroll            |     5 |     2 ||     7
       Potion            |       |     1 ||     1
  Eat: Chunk             |     1 |     1 ||     2
Armor: Scale mail        |    54 |    22 ||    76
Dodge: Dodged            |    33 |    21 ||    54
Block: Shield            |    72 |    28 ||   100
       Rpst.: Long sword |    12 |     8 ||    20
